 Dungeon Crawl Stone Soup version 0.31.0-11-ge490571c62 (webtiles) character file.

Game seed: 3001028868567467815

1352 wildpjah the Trooper (level 8, -5/62 HPs)
             Began as a Djinni Fire Elementalist on Jan 31, 2024.
             Was a Follower of Makhleb.
             Slain by a gnoll sergeant
             ... wielding a +0 spear
              (10 damage)
             ... on level 6 of the Dungeon.
             The game lasted 00:15:24 (4884 turns).

wildpjah the Trooper (Djinni Fire Elementalist)     Turns: 4884, Time: 00:15:24

Health: -5/62      AC:  2    Str:  7    XL:     8   Next: 95%
Gold:   202        EV: 18    Int: 18    God:    Makhleb [*.....] SH:  0 Dex: 15

rFire   + + .        s - +0 great sword
rCold   x . .        (shield currently unavailable)
rNeg    . . .        a - +0 robe
rPois   ∞            (no helmet)
rElec   .            (no cloak)
rCorr   .            (no gloves)
SInv    .            (boots unavailable)
Will    .....        (no amulet)
Stlth   ++           m - ring of wizardry
HPRegen 0.30/turn    w - +5 ring of evasion
MPRegen 0.00/turn

%: wizardry (x1), infuse magic (-6 HP)
@: flying
A: sickness immunity, fire resistance 2, cold vulnerability 1, float, innate
caster, HP casting, extra vitality 1
a: Renounce Religion


You were on level 6 of the Dungeon.
You worshipped Makhleb.
Makhleb was aware of your devotion.
You visited 2 branches of the dungeon, and saw 7 of its levels.
You also visited: Sewer.

You collected 202 gold pieces.

Inventory:

Hand Weapons
 p - a +2 mace of draining
 s - a +0 great sword (weapon)
 C - a +1 rapier of draining
Missiles
 e - 9 poisoned darts
 H - 3 boomerangs
Armour
 a - a +0 robe (worn)
 b - a +0 leather armour
 j - a +1 plate armour of positive energy
Jewellery
 m - a ring of wizardry (left hand)
 w - a +5 ring of evasion (right hand)
Wands
 i - a wand of quicksilver (8)
 z - a wand of roots (12)
Scrolls
 f - 4 scrolls of butterflies {unknown}
 g - 3 scrolls of vulnerability {unknown}
 k - 6 scrolls of identify {unknown}
 l - 4 scrolls of noise {unknown}
 n - a scroll of enchant weapon {unknown}
 t - a scroll of acquirement {unknown}
 u - a scroll of torment {unknown}
 v - 2 scrolls of immolation {unknown}
 x - 2 scrolls of fear {unknown}
 y - a scroll of revelation {unknown}
 B - 3 scrolls of blinking {unknown}
 D - a scroll of teleportation {unknown}
 E - a scroll of brand weapon {unknown}
 F - a scroll of fog {unknown}
Potions
 c - 2 potions of heal wounds {unknown}
 d - a potion of lignification {unknown}
 h - 2 potions of curing {unknown}
 o - 2 potions of enlightenment {unknown}
 q - 2 potions of haste {unknown}
 r - a potion of resistance {unknown}
 A - a potion of invisibility {unknown}
 G - a potion of might {unknown}


   Skills:
 * Level 6.7 Fighting
 + Level 1.8 Long Blades
 + Level 3.7 Dodging
 + Level 3.4 Stealth
 + Level 0.1 Unarmed Combat
 * Level 5.4 Spellcasting
 * Level 5.4 Conjurations
 * Level 5.4 Hexes
 * Level 5.4 Summonings
 * Level 5.4 Necromancy
 * Level 5.4 Translocations
 * Level 5.4 Fire Magic
 * Level 5.4 Ice Magic
 * Level 5.4 Air Magic
 * Level 5.4 Earth Magic
 * Level 5.4 Alchemy


You knew the following spells:

 Your Spells              Type           Power      Damage    Failure   Level
a - Foxfire               Conj/Fire      96%        2x1d8     1%          1
b - Scorch                Fire           48%        2d7       1%          2
c - Volatile Blastmotes   Fire/Tloc      48%        2d14      1%          3
d - Inner Flame           Hex/Fire       24%        N/A       1%          3
e - Flame Wave            Conj/Fire      24%        2d8       6%          4
f - Sandblast             Erth           48%        2d12      1%          1
g - Ensorcelled Hibernat  Hex/Ice        48%        N/A       1%          2
h - Passwall              Erth           24%        N/A       1%          3
Your spell library was empty.

Dungeon Overview and Level Annotations

Branches:
Dungeon (6/15)             Temple (1/1) D:4           Sewer (visited)

Altars:
Dithmenos
Fedhas
Makhleb
Nemelex Xobeh
Qazlal
Ru
Trog
Wu Jian
Xom
Yredelemnul
Zin
The Shining One

Shops:
D:1 (   D:5 ?(


Innate Abilities, Weirdness & Mutations

You are immune to sickness and miasma.
You are immune to poison.
Your flesh is very heat resistant. (rF++)
You are vulnerable to cold. (rC-)
You float through the air rather than walking.
You learn spells naturally, not from books.
Your magical power is your life essence.
You have superior vitality. (+4 MHP)


Message History

Aim: an orc wizard, wielding a +0 dagger and wearing a +0 robe (79% to hit)
The blast of sand hits the orc wizard!
The orc wizard is almost dead.
Unknown command.
Aiming: Sandblast (safe; 1% risk of failure)
Press: ? - help, Q - select action, (/) - cycle Shift-Dir - straight line, f/p - orc wizard
Aim: an orc wizard, wielding a +0 dagger and wearing a +0 robe (almost dead, 79% to hit)
The blast of sand hits the orc wizard.
The orc wizard is almost dead.
Aiming: Sandblast (safe; 1% risk of failure)
Press: ? - help, Q - select action, (/) - cycle Shift-Dir - straight line, f/p - orc wizard
Aim: an orc wizard, wielding a +0 dagger and wearing a +0 robe (almost dead, 79% to hit)
The blast of sand hits the orc wizard.
The orc wizard is almost dead.
The orc wizard casts a spell.
The orc wizard flickers and vanishes!
Deactivating autopickup; reactivate with Ctrl-A.
Okay, then.
Casting: Sandblast (safe; 1% risk of failure)
Confirm with . or Enter, or press ? or * to list all spells.
Aiming: Sandblast (safe; 1% risk of failure)
Press: ? - help, Shift-Dir - straight line Something tries to affect you, but you resist.
There is a stone staircase leading down here.
You start resting.
A magic dart appears from out of thin air!
The magic dart hits you! Something completely misses you.
A gnoll sergeant comes into view. It is wielding a +0 spear.
There is a stone staircase leading down here.
You completely miss something. Something hits you.
* * * LOW HITPOINT WARNING * * *
The gnoll sergeant hits you from afar with a +0 spear.
* * * LOW HITPOINT WARNING * * *
You hear some strange, mumbled words.
A magic dart appears from out of thin air!
The magic dart hits you!
* * * LOW HITPOINT WARNING * * *
The gnoll sergeant hits you from afar with a +0 spear!
You die...

##. #.. #.. .. ##.#
#.#
#.####.#######..###.#
... .$...........)..<
#.# #)†######..####)#
#.# #)# #.#####.# #.#
#.# ###.##.....
#.###{# #...#..#..#
#.#.@(# #.#......##
##.g.#######......###
#..###........#####
###..###.##.....#
##........##.....#
#...#.######.....#
#####.# #.....# #.#
#...### ### #...#


You could see a gnoll sergeant.

Vanquished Creatures
  Eustachio (D:4)
  An ice beast (D:6)
  An ogre (D:6)
  A black bear (D:4)
  2 brain worms (Sewer)
  A scorpion (D:5)
  A howler monkey (D:4)
  2 bombardier beetles
  2 jellies
  4 hounds
  2 orc priests
  An iguana (D:5)
  2 orc wizards (D:5)
  Natasha (twice) (D:2)
  Robin (D:2)
  A gnoll (D:6)
  12 adders
  5 river rats
  2 ufetubi (D:5)
  A dart slug (D:1)
  2 ribbon worms (D:5)
  12 orcs
  4 bats
  4 endoplasms
  6 giant cockroaches
  5 hobgoblins
  7 kobolds
  7 quokkas
  10 ball pythons
  7 frilled lizards
  9 goblins
  11 rats
129 creatures vanquished.

Vanquished Creatures (others)
  365 foxfires
365 creatures vanquished.

Grand Total: 494 creatures vanquished

Notes
Turn   | Place    | Note
-------+----------+-------------------------------------------
     0 | D:1      | wildpjah the Djinni Fire Elementalist began the quest for
                  | the Orb.
     0 | D:1      | wildpjah set off with the following spells memorised:
                  | Foxfire, Scorch, Volatile Blastmotes, Inner Flame, Flame
                  | Wave.
     0 | D:1      | Reached XP level 1. HP: 15/15 MP: 0/0
    49 | D:1      | Found Rolaymuruu's Weapon Boutique.
   256 | D:1      | Reached XP level 2. HP: 18/22 MP: 0/0
   390 | D:1      | Reached skill level 1 in Fighting
   455 | D:1      | Reached XP level 3. HP: 24/27 MP: 0/0
   455 | D:1      | Learned a level 1 spell: Sandblast
   753 | D:2      | Noticed Natasha
   758 | D:2      | Killed Natasha
   759 | D:2      | Reached XP level 4. HP: 21/32 MP: 0/0
   828 | D:2      | Found a shimmering altar of Xom.
   845 | D:2      | Noticed Robin
   921 | D:2      | Killed Robin
  1164 | D:2      | Reached skill level 2 in Fighting
  1196 | D:2      | Noticed Natasha
  1203 | D:2      | Killed Natasha
  1204 | D:2      | Reached XP level 5. HP: 30/39 MP: 0/0
  1204 | D:2      | Learned a level 2 spell: Ensorcelled Hibernation
  2016 | D:3      | Found a blossoming altar of Fedhas.
  2263 | D:4      | Reached skill level 3 in Fighting
  2372 | D:4      | Reached XP level 6. HP: 39/47 MP: 0/0
  2403 | D:4      | Found a shadowy altar of Dithmenos.
  2420 | D:4      | Noticed a black bear
  2427 | D:4      | Killed a black bear
  2428 | D:4      | Reached skill level 4 in Fighting
  2737 | D:4      | Found a staircase to the Ecumenical Temple.
  2749 | Temple   | Entered the Ecumenical Temple
  2753 | Temple   | Became a worshipper of Makhleb the Destroyer
  2803 | D:4      | Noticed Eustachio
  2824 | D:4      | Killed Eustachio
  2825 | D:4      | Reached XP level 7. HP: 41/53 MP: 0/0
  2825 | D:4      | Learned a level 3 spell: Passwall
  2942 | D:4      | Reached skill level 5 in Fighting
  3022 | D:5      | Entered Level 5 of the Dungeon
  3103 | D:5      | Found a glowing drain.
  3124 | Sewer    | Entered a sewer
  3540 | Sewer    | Reached * piety under Makhleb
  3565 | Sewer    | Reached XP level 8. HP: 43/60 MP: 0/0
  4143 | D:5      | Found Gogopyta's Antique Weapon Shop.
  4391 | D:5      | Reached skill level 6 in Fighting
  4552 | D:5      | Reached skill level 5 in Spellcasting
  4552 | D:5      | Reached skill level 5 in Conjurations
  4552 | D:5      | Reached skill level 5 in Hexes
  4552 | D:5      | Reached skill level 5 in Summonings
  4552 | D:5      | Reached skill level 5 in Necromancy
  4552 | D:5      | Reached skill level 5 in Translocations
  4552 | D:5      | Reached skill level 5 in Fire Magic
  4552 | D:5      | Reached skill level 5 in Ice Magic
  4552 | D:5      | Reached skill level 5 in Air Magic
  4552 | D:5      | Reached skill level 5 in Earth Magic
  4552 | D:5      | Reached skill level 5 in Alchemy
  4628 | D:5      | Found Fumeroaducov's Magic Scroll Shoppe.
  4736 | D:6      | Reached skill level 1 in Long Blades
  4884 | D:6      | Slain by a gnoll sergeant

Illustrated notes

Levels and vault maps discovered:
D:1:      elethiomel_arrival_infinity_welcomes_careful_drivers, layout_basic,
          serial_shops, shop, minmay_tetromino_l4
D:2:      layout_basic, basic_altar, grunt_ministairs_1, grunt_decor_arrowhead,
          kennysheep_generic_room_12, uniq_robin, uniq_natasha
D:3:      layout_loops_ring, fedhas_altar_2
D:4:      layout_loops_cross, nicolae_dithmenos_the_darkroom,
          minmay_temple_entry_arrows, uniq_eustachio
D:5:      layout_loops_corners, portal_sewer_entry_a, serial_shops, shop,
          nicolae_shop_rolled_up
D:6:      layout_rooms
Temple:   nicolae_temple_bog_church

Skill      XL: |  1  2  3  4  5  6  7  8 |
---------------+-------------------------+-----
Stealth        | 2 3 |  3.4
Fighting       | 1 2 3 4 5 6 |  6.7
Dodging        | 3 |  3.7
Spellcasting   | 4 5 |  5.4
Conjurations   | 4 5 |  5.4
Hexes          | 4 5 |  5.4
Summonings     | 4 5 |  5.4
Necromancy     | 4 5 |  5.4
Translocations | 4 5 |  5.4
Fire Magic     | 4 5 |  5.4
Ice Magic      | 4 5 |  5.4
Air Magic      | 4 5 |  5.4
Earth Magic    | 4 5 |  5.4
Alchemy        | 4 5 |  5.4
Long Blades    | 1 |  1.8
Unarmed Combat | |  0.1

Action                     |  1- 3 |  4- 6 |  7- 9 || total
---------------------------+-------+-------+-------++-------
  Melee: Unarmed           |     5 |     2 |       ||     7
         Great sword       |       |     2 |    13 ||    15
   Cast: Foxfire           |    41 |   117 |    54 ||   212
         Flame Wave        |       |     2 |     3 ||     5
         Scorch            |       |     4 |    35 ||    39
         Sandblast         |       |       |    25 ||    25
         Ensorcelled Hiber |       |       |     1 ||     1
         Inner Flame       |       |       |     2 ||     2
 Armour: Robe              |     5 |     4 |    14 ||    23
  Dodge: Dodged            |     9 |     8 |    29 ||    46
